 Dungeon Crawl Stone Soup version 0.21.1-1-g345015f (webtiles) character file.

40 inc the Scratcher (level 3, -1/15 HPs)
             Began as a Felid Transmuter on Mar 6, 2018.
             Killed by divine providence
             ... invoked by an orc priest
              (15 damage)
             ... on level 2 of the Dungeon.
             The game lasted 00:02:47 (1294 turns).

inc the Scratcher (Felid Transmuter)                Turns: 1294, Time: 00:02:47

Health: -1/15      AC:  1    Str:  6    XL:     3   Next: 30%
Magic:  7/7        EV: 18    Int: 15    God:
Gold:   59         SH:  0    Dex: 16    Spells: 5/6 levels left
                                        Lives:  0   Deaths: 0

rFire    . . .     SeeInvis +     - Unarmed
rCold    . . .     Gourm    .   (shield unavailable)
rNeg     . . .     Faith    .   (armour unavailable)
rPois    .         Spirit   .   (helmet unavailable)
rElec    .         Reflect  .   (cloak unavailable)
rCorr    .         Harm     .   (gloves unavailable)
MR       .....     Rnd*Tele +   (boots unavailable)
Stlth    +.........             (no amulet)
HPRegen  0.05/turn              m - ring of teleportation (curse)
MPRegen  0.10/turn              (no ring)

@: confused, quick
A: very small, no armour, no weapons or thrown items, stealth, claws 1, fangs 3,
see invisible, carnivore, speed 1, shaggy fur 1, slow metabolism 1, sharp paws
a: no special abilities


You were on level 2 of the Dungeon.
You were completely stuffed.

You visited 1 branch of the dungeon, and saw 2 of its levels.

You collected 59 gold pieces.

Inventory:

Missiles
 a - 25 arrows
Jewellery
 m - a cursed ring of teleportation (left paw)
Scrolls
 d - a scroll of enchant weapon
 h - a scroll of fear
Potions
 e - a potion of heal wounds {unknown}
 i - a potion of curing
 j - a potion of berserk rage {unknown}
 k - a potion of invisibility {unknown}
 l - a potion of degeneration {unknown}
Books
 b - a book of Changes

   Spells                             Type                      Level
   a - Beastly Appendage              Transmutation                1
   b - Sticks to Snakes               Transmutation                2
   c - Spider Form                    Transmutation/Poison         3
   d - Ice Form                       Ice/Transmutation            4
   e - Blade Hands                    Transmutation                5
Comestibles
 c - 2 rations


   Skills:
 - Level 1.0 Fighting
 - Level 2.6 Dodging
 + Level 4.4 Unarmed Combat
 - Level 2.0 Spellcasting
 - Level 2.1 Transmutations


You had 5 spell levels left.
You knew the following spells:

 Your Spells              Type           Power        Failure   Level  Hunger
a - Beastly Appendage     Tmut           #.....       9%          1    #......


Dungeon Overview and Level Annotations

Branches:
Dungeon (2/15)

Altars:


Innate Abilities, Weirdness & Mutations

You cannot wear armour.
You are incapable of wielding weapons or throwing items.
Your paws allow you to move quietly. (Stealth)
You have sharp claws.
You have razor-sharp teeth.
You have supernaturally acute eyesight. (SInv)
You are carnivorous and can eat meat at any time.
You cover ground quickly.
You are covered in fur. (AC +1)
You have a slow metabolism.
Your sharp claws are effective at attacking unaware monsters.


Message History

Okay, then.
A bat, an orc and an orc wizard come into view.
The orc wizard shouts!
The orc shouts!
You hear a shout!
Found 10 stones and a scroll labeled BUSAMM PAISO.
An orc priest comes into view. It is wielding a mace.
The bat completely misses you.
An orc comes into view. It is wielding a short sword.
The bat closely misses you. The bat misses you. The bat hits you.
The bat closely misses you. x2
The orc wizard casts a spell at you.
You are confused.
A goblin comes into view. It is wielding a club.
The orc shouts!
The bat misses you.
The orc priest mumbles some strange prayers to Beogh against you.
Beogh smites you!
Ouch! That really hurt!
You die...

. ##. ..# ... #.####
#.... #?.# #@.#
##b.####.#
+.........
##.#.##### .
###+#####.#..# ...
..........##.##..$..
#.......o..g......
#.......o#..o.....
#........##o#.##.(


You could see an orc priest, an orc wizard, an orc, a goblin and a bat.

Vanquished Creatures
  An adder (D:2)
  2 dart slugs
  2 leopard geckos (D:1)
  A giant cockroach (D:1)
  2 goblins (D:1)
  A hobgoblin (D:1)
  4 jackals (D:1)
  3 bats
  2 frilled lizards (D:1)
  5 kobolds (D:1)
  A rat (D:2)
24 creatures vanquished.

Notes
Turn   | Place    | Note
-------+----------+-------------------------------------------
     0 | D:1      | inc the Felid Transmuter began the quest for the Orb.
     0 | D:1      | Reached XP level 1. HP: 9/9 MP: 4/4
   383 | D:1      | Reached XP level 2. HP: 12/12 MP: 4/6
   661 | D:1      | Reached skill level 4 in Unarmed Combat
  1060 | D:2      | Reached XP level 3. HP: 15/15 MP: 7/7
  1294 | D:2      | Killed from afar by an orc priest

Skill      XL: |  1  2 |
---------------+-------+-----
Unarmed Combat | 4 |  4.4
Fighting       | |  1.0
Dodging        | |  2.6
Spellcasting   | |  2.0
Transmutations | |  2.1

Action                   || total
-------------------------++-------
Melee: Unarmed           ||    71
       Headbutt          ||     1
       Bite              ||     4
 Cast: Beastly Appendage ||     3
  Use: Scroll            ||     4
 Stab: Sleeping          ||     2
  Eat: Chunk             ||     8
Armor: Skin              ||     1
Dodge: Dodged            ||    50
